 Dungeon Crawl Stone Soup version 0.18.1-50-g88ac8fd (webtiles) character file.

95 DaddyBuck the Poker (level 4, -3/33 HPs)
             Began as a Draconian Gladiator on Jan 2, 2017.
             Was an Initiate of the Shining One.
             Killed from afar by mdk's ghost (8 damage)
             ... with a magic dart
             ... on level 3 of the Dungeon.
             The game lasted 00:04:16 (1856 turns).

DaddyBuck the Poker (Draconian Gladiator)           Turns: 1856, Time: 00:04:17

Health: -3/33      AC:  6    Str: 18    XL:     4   Next: 39%
Magic:  4/4        EV: 13    Int:  9    God:    the Shining One [......]
Gold:   94         SH:  0    Dex: 11    Spells: 0 memorised, 3 levels left

rFire  . . .     SeeInvis .     a - +0 trident
rCold  . . .     Gourm    .     (armour unavailable)
rNeg   . . .     Faith    .     (no shield)
rPois  .         Spirit   .     b - +1 hat
rElec  .         Dismiss  .     (no cloak)
rCorr  .         Reflect  .     (no gloves)
SustAt .         Harm     .     (no boots)
MR     .....                    (no amulet)
Stlth  +.........               (no ring)
                                (no ring)

@: very slightly contaminated, hasted, glowing, very quick, not resistant to
hostile enchantments, very unstealthy
A: unfitting armour, antennae 1, blurry vision 1, frail 1, cold-blooded, AC +5
a: Renounce Religion


You were on level 3 of the Dungeon.
You worshipped the Shining One.
The Shining One was noncommittal.
You were not hungry.

You visited 1 branch of the dungeon, and saw 3 of its levels.

You collected 94 gold pieces.

Inventory:

Hand Weapons
 a - a +0 trident (weapon)
Missiles
 c - 2 throwing nets (quivered)
Armour
 b - a +1 hat (worn)
Scrolls
 e - a scroll of enchant armour
Potions
 h - a potion of brilliance
Comestibles
 d - a bread ration
 f - 2 meat rations
 k - 3 fruits


   Skills:
 + Level 2.9 Fighting
 + Level 3.6 Polearms
 + Level 2.3 Throwing
 * Level 3.6 Dodging


You had 3 spell levels left.
You didn't know any spells.

Dungeon Overview and Level Annotations

Branches:
Dungeon (3/15)

Altars:
Gozag
The Shining One

Annotations:
D:3 mdk's ghost, amateur DECj


Innate Abilities, Weirdness & Mutations

Your plain brown scales are hard (AC +5).
Your body does not fit into most forms of armour.
You are cold-blooded and may be slowed by cold attacks.
You have a pair of small antennae on your head.
Scrolls take you a little longer to read.
You are frail (-10% HP).


Message History

You are very lightly contaminated with residual magic.
Drink which item? (? for menu, Esc to quit)
It was a potion of mutation.
You feel extremely strange. A pair of antennae grows on your head!
Your vision blurs.
You feel frail. The adder skeleton closely misses you.
The quokka bites you but does no damage.
The kobold completely misses you.
Unknown command.
Read which item? (? for menu, Esc to quit)
Okay, then.
Mdk's ghost casts a spell at you. The magic dart hits you!
* * * LOW HITPOINT WARNING * * *
The adder skeleton misses you. The quokka misses you.
Unknown command.
You hit the quokka.
The quokka is moderately wounded.
Mdk's ghost points at you and mumbles some strange words.
The magic dart hits you!
You die...

.... ... #....
..# #....##.#
#.P.P...#
#........
#....#..#######..
#.......#@r......
........ZKW......
#.###..##..>.....
#.... #######..
#.#.# . .. .. ##
.## #. #


You could see mdk's ghost, a quokka, a kobold and an adder skeleton.

Vanquished Creatures
  Ijyb (D:2)
  2 adders (D:2)
  A dart slug (D:2)
  A giant gecko (D:1)
  5 bats (D:1)
  2 giant cockroaches (D:2)
  4 goblins
  4 hobgoblins
  8 jackals
  10 kobolds
  A quokka (D:3)
  A ball python (D:2)
  3 giant newts
  5 rats (D:1)
48 creatures vanquished.

Notes
Turn   | Place    | Note
--------------------------------------------------------------
     0 | D:1      | DaddyBuck the Draconian Gladiator began the quest for the Orb.
     0 | D:1      | Reached XP level 1. HP: 17/17 MP: 1/1
   231 | D:1      | Reached XP level 2. HP: 15/25 MP: 2/2
  1017 | D:1      | Reached XP level 3. HP: 30/30 MP: 3/3
  1210 | D:2      | Noticed Ijyb
  1222 | D:2      | Killed Ijyb
  1374 | D:2      | Found a glowing golden altar of the Shining One.
  1380 | D:2      | Became a worshipper of the Shining One
  1468 | D:2      | Reached XP level 4. HP: 37/37 MP: 4/4
  1654 | D:2      | Found an opulent altar of Gozag.
  1843 | D:3      | Noticed mdk's ghost (amateur DECj)
  1854 | D:3      | Gained mutation: You have a pair of small antennae on your head. [potion of mutation]
  1854 | D:3      | Gained mutation: Scrolls take you a little longer to read. [potion of mutation]
  1854 | D:3      | Gained mutation: You are frail (-10% HP). [potion of mutation]
  1856 | D:3      | Killed from afar by mdk's ghost

Skill      XL: |  1  2 |
---------------+-------+-----
Dodging        | 3 |  3.6
Throwing       | 2 |  2.3
Fighting       | |  2.9
Polearms       | |  3.6

Action                   |  1- 3 |  4- 6 || total
-------------------------+-------+-------++-------
Melee: Trident           |   118 |    46 ||   164
       Tailslap          |     7 |     1 ||     8
Throw: Throwing net      |     1 |       ||     1
  Use: Scroll            |       |     4 ||     4
       Potion            |       |     2 ||     2
 Stab: Sleeping          |     4 |       ||     4
       Distracted        |     1 |       ||     1
  Eat: Chunk             |     2 |     1 ||     3
Armor: Skin              |    37 |    11 ||    48
Dodge: Dodged            |    83 |    47 ||   130
